 Dungeon Crawl Stone Soup version 0.17.0-22-g5edae84 (console) character file.

206 jw the Chopper (level 5, -5/37 HPs)
             Began as an Octopode Berserker on Nov 13, 2015.
             Was a Believer of Trog.
             Shot with an arrow by a centaur (11 damage)
             ... on level 3 of the Dungeon.
             The game lasted 00:08:33 (2902 turns).

jw the Chopper (Octopode Berserker)                 Turns: 2902, Time: 00:08:33

Health: -5/37      AC:  1    Str: 17    XL:     5   Next: 84%
Magic:  0/5        EV: 13    Int:  9    God:    Trog [**....]
Gold:   129        SH:  0    Dex: 12    Spells: 0 memorised, 4 levels left

rFire  . . .     SeeInvis .     a - +0 hand axe
rCold  . . .     Clarity  .     (no shield)
rNeg   . . .     SustAt   .     (helmet restricted)
rPois  .         Gourm    .     c - amulet of guardian spirit (curse)
rElec  .         Spirit   +     (no ring)
rCorr  .         Warding  .     (no ring)
rMut   .         Stasis   .     (no ring)
MR     ++...                    (no ring)
Stlth  ++........               (no ring)
                                (no ring)
                                (no ring)
                                (no ring)

@: regenerating, very resistant to hostile enchantments, unstealthy
A: almost no armour, amphibious, 8 rings, constrict 8, camouflage 1, gelatinous
body 1
a: Berserk, Trog's Hand, Burn Spellbooks, Renounce Religion


You were on level 3 of the Dungeon.
You worshipped Trog.
Trog was pleased with you.
You were hungry.

You visited 1 branch of the dungeon, and saw 3 of its levels.

You collected 129 gold pieces.

Inventory:

Hand Weapons
 a - a +0 hand axe (weapon)
Missiles
 d - 65 stones (quivered)
Jewellery
 c - a cursed amulet of guardian spirit (around mantle)
Comestibles
 b - 5 bread rations


   Skills:
 + Level 4.1 Fighting
 * Level 4.9 Axes
 + Level 2.3 Throwing
 - Level 3.0 Dodging


You had 4 spell levels left.
You didn't know any spells.

Dungeon Overview and Level Annotations

Branches:
Dungeon (3/15)

Altars:


Innate Abilities, Weirdness & Mutations

You cannot wear most types of armour.
You are amphibious.
You can wear up to eight rings at the same time.
You can use your tentacles to constrict eight enemies at once.
Your skin changes colour to match your surroundings (Stealth).
Your rubbery body absorbs attacks (AC +1).


Message History

Unknown command.
Unknown command.
Unknown command.
ATTACK MOVE TO (-1,0)
The centaur shoots an arrow.
The arrow hits you.
You see here an arrow.
Unknown command.
Unknown command.
Unknown command.
Unknown command.
ATTACK MOVE TO (-1,0)
The centaur shoots an arrow.
The arrow hits you!
You see here an arrow.
Unknown command.
Unknown command.
Unknown command.
Unknown command.
ATTACK MOVE TO (-1,0)
The centaur shoots an arrow.
The arrow hits you!
You die...

#...###..# ##### #...
#... #.##############
#... ........(......#
#### #(.......#
#%..###..#
########((......#
#....x((...(#...#
#.c......#......######
#........##)#.).##....
#........##.#.........
#.......###.#...##....
#........ ..#.########
#.......#####.#
######### #.# #.#


You could see a centaur.

Table legend:
 A = Turns spent in this place as a percentage of turns spent in the entire game.
 B = Non-inter-level travel turns spent in this place as a percentage of non-inter-level travel turns spent in the entire game.
 C = Inter-level travel turns spent in this place as a percentage of turns spent in this place.
 D = Turns resting spent in this place as a percentage of non-inter-level travel turns spent in this place.
 E = Turns spent auto-exploring this place as a percentage of non-inter-level travel turns spent in this place.
 F = Non-inter-level travel turns spent in this place divided by the number of levels of this place that you've seen.
                   A       B       C       D       E      F
               +-------+-------+-------+-------+-------+----------------------
         Total | 100.0 | 100.0 |   0.6 |   1.2 |   2.7 | 1438.7
       Dungeon | 100.0 | 100.0 |   0.6 |   1.2 |   2.7 | 1438.7
               +-------+-------+-------+-------+-------+----------------------

Table legend:
 A = Kills in this place as a percentage of kills in entire the game.
 B = Kills by you in this place as a percentage of kills by you in the entire game.
 C = Kills by friends in this place as a percentage of kills by friends in the entire game.
 D = Other kills in this place as a percentage of other kills in the entire game.
 E = Experience gained in this place as a percentage of experience gained in the entire game.
 F = Experience gained in this place divided by the number of levels of this place that you have seen.
                   A       B       C       D       E      F
               +-------+-------+-------+-------+-------+----------------------
         Total | 100.0 | 100.0 |  -nan |  -nan | 100.0 |  98.3
       Dungeon | 100.0 | 100.0 |  -nan |  -nan | 100.0 |  98.3
               +-------+-------+-------+-------+-------+----------------------

Vanquished Creatures
  2 orc priests (D:3)
  2 orc wizards (D:3)
  2 gnolls (D:1)
  An ooze (D:1)
  3 worms
  3 giant geckos
  6 orcs (D:3)
  2 ball pythons
  5 bats
  8 goblins
  6 hobgoblins
  5 kobolds
  4 giant cockroaches
  3 giant newts
  8 rats
60 creatures vanquished.

Notes
Turn   | Place    | Note
--------------------------------------------------------------
     0 | D:1      | jw the Octopode Berserker began the quest for the Orb.
     0 | D:1      | Reached XP level 1. HP: 16/16 MP: 1/1
   116 | D:1      | Reached XP level 2. HP: 13/21 MP: 2/2
   275 | D:1      | Reached skill level 1 in Throwing
   355 | D:1      | Reached XP level 3. HP: 23/26 MP: 3/3
   982 | D:1      | Reached ** piety under Trog
  1433 | D:2      | Reached skill level 4 in Axes
  1433 | D:2      | Reached XP level 4. HP: 27/31 MP: 2/4
  2497 | D:3      | Reached XP level 5. HP: 37/37 MP: 3/5
  2860 | D:3      | Noticed a centaur
  2902 | D:3      | Shot with an arrow by a centaur

Action                   |  1- 3 |  4- 6 || total
-------------------------+-------+-------++-------
Melee: Hand axe          |    57 |    47 ||   104
Throw: Stone             |    61 |    78 ||   139
Invok: Berserk           |     1 |     1 ||     2
       Trog's Hand       |       |     2 ||     2
  Eat: Chunk             |     2 |     6 ||     8

Vault maps used:
D:1:      dpeg_arrival_subterranean_lakeside_camping
D:3:      first_bread
